Map: Alcyone LE

Players

IA (Muy fácil) - Winner!

  • Race: Zerg Zerg
  • Spawn Location: 7:00

CPTLevi

  • Race: Zerg Zerg
  • League: Diamond
  • Spawn Location: 1:00

VOD

Have the link to the VOD?

Description

Time

  • Played on: Aug. 10, 2024, 12:28 p.m.
  • Length: 5:17
Show
View Real Time Build Order
Export as new Build Order

IA (Muy fácil) Zerg - Winner!

Build Orders: Pool Only 

Get SALT Encoding   

  12  0:00  Drone  
  13  0:12  Overlord  
  13  0:16  Drone  
  14  0:35  Spawning Pool  
  13  0:36  Extractor  
  13  0:39  Drone  
  13  0:46  Drone  
  14  0:51  Overlord  
  14  1:22  Queen, Zergling x2  
  17  1:31  Roach Warren  
  16  1:33  Extractor  
  16  1:37  Drone  
  16  1:40  Zergling x2  
  16  1:44  Drone  
  18  1:58  Drone  
  18  1:59  Zergling x2  
  20  2:09  Drone  
  21  2:19  Drone  
  22  2:29  Drone  
  23  2:30  Overlord  
  23  2:36  Drone  
  24  2:43  Drone  
Show
View Real Time Build Order
Export as new Build Order

CPTLevi Zerg 

Build Orders: Hatch First 

Get SALT Encoding   

  12  0:00  Drone  
  13  0:12  Overlord  
  13  0:17  Drone  
  14  0:30  Drone x2  
  16  0:49  Hatchery  
  15  0:53  Drone  
  15  0:56  Drone  
  17  1:02  Drone  
  17  1:03  Extractor  
  17  1:19  Spawning Pool  
  17  1:22  Drone x2  
  18  1:28  Drone  
  19  1:43  Drone  
  20  1:49  Overlord  
  20  2:06  Queen x2, Zergling x4  
  26  2:11  Drone  
  26  2:12  Drone  
  28  2:16  Metabolic Boost  
  28  2:33  Drone  
  28  2:34  Drone  
  30  2:43  Roach Warren  
  29  2:47  Evolution Chamber  
  28  2:54  Evolution Chamber  
  27  2:58  Drone  
  27  2:59  Drone x3  
  27  3:00  Drone x2  
  33  3:14  Drone x2  
  33  3:16  Lair  
  35  3:22  Zerg Missile Weapons Level 1  
  35  3:30  Drone  
  35  3:31  Overlord  
  35  3:32  Overlord  
  36  4:02  Drone x4  
  40  4:05  Extractor  
  40  4:09  Extractor  
  38  4:15  Drone x2  
  38  4:16  Drone x2  
  42  4:23  Roach x3  
  48  4:25  Zergling x2  
Tags
 
League
Diamond
Matchup
ZvZ
Race
Zerg
Spawn Locations
Cross Positions
Add a new tag
Caveats
  • Supply blocks, unpowered buildings, or Contaminate may cause inaccurate times.
  • Supply counts are checked every 10 seconds.